 Dungeon Crawl Stone Soup version 0.27-a0-887-gcab673c (webtiles) character file.

Game seed: 17126642413493923350

4015 Nithhogg the Carver (level 10, -4/67 (80) HPs)
             Began as a Barachi Fighter on Apr 2, 2021.
             Was an Elder of Cheibriados.
             Killed from afar by a steam dragon (11 damage)
             ... with a ball of steam
             ... on level 8 of the Dungeon on Apr 3, 2021.
             The game lasted 00:16:43 (10034 turns).

Nithhogg the Carver (Barachi Fighter)              Turns: 10034, Time: 00:16:44

HP:   -4/67 (80)    AC: 11    Str: 30    XL:     10   Next: 23%
MP:   13/13         EV: 14    Int: 17    God:    Cheibriados [****..]
Gold: 468           SH:  0    Dex: 21    Spells: 9/9 levels left

rFire    . . .     SeeInvis .   a - +0 long sword
rCold    . . .     Faith    .   (no shield)
rNeg     . . .     Spirit   .   b - +1 scale mail
rPois    +         Reflect  .   n - +0 helmet
rElec    .         Harm     .   (no cloak)
rCorr    +         Rampage  .   f - +0 pair of gloves
Will     .....                  (no boots)
Stlth    ..........             (no amulet)
HPRegen  0.21/turn              k - ring of resist corrosion
MPRegen  0.13/turn              p - ring of poison resistance

@: can't hop, heavily drained, very slow
A: +LOS, amphibious, slowness 1, strong legs 1
a: Hop, Renounce Religion, Bend Time, Temporal Distortion, Slouch


You were on level 8 of the Dungeon.
You worshipped Cheibriados.
Cheibriados was greatly pleased with you.
You visited 1 branch of the dungeon, and saw 8 of its levels.
You also visited: Ossuary.

You collected 468 gold pieces.

Inventory:

Hand Weapons
 a - a +0 long sword (weapon)
Armour
 b - a +1 scale mail (worn)
 c - a +0 kite shield
 f - a +0 pair of gloves (worn)
 n - a +0 helmet (worn)
 C - the +1 robe "Inicvuf" {rF++ rCorr Int-3}
   (You found it on level 6 of the Dungeon)

   It affects your intelligence (-3).
   It greatly protects you from fire.
   It protects you from acid and corrosion.
Jewellery
 e - a ring of fire
 k - a ring of resist corrosion (left hand)
 p - a ring of poison resistance (right hand)
 s - a ring of wizardry
Wands
 d - a wand of paralysis (13) (quivered)
 w - a wand of flame (24)
Scrolls
 g - 8 scrolls of identify
 h - 2 scrolls of enchant armour
 i - 2 scrolls of acquirement
 j - 6 scrolls of teleportation
 l - 3 scrolls of noise
 q - a scroll of blinking
 t - 2 scrolls of fear {unknown}
 u - a scroll of brand weapon {unknown}
 v - a scroll of torment {unknown}
 x - a scroll of enchant weapon {unknown}
 y - a scroll of vulnerability {unknown}
 B - a scroll of amnesia {unknown}
Potions
 m - 2 potions of brilliance
 o - a potion of resistance {unknown}
 r - 2 potions of curing {unknown}
 z - a potion of invisibility {unknown}
 A - a potion of mutation {unknown}


   Skills:
 + Level 7.7 Fighting
 * Level 9.9 Long Blades
 + Level 7.7 Armour
 + Level 6.0 Dodging
 - Level 3.2 Shields
 + Level 4.5 Invocations
 + Level 4.9 Evocations


You had 9 spell levels left.
You didn't know any spells.
Your spell library contained the following spells:

 Spells                   Type           Power      Damage    Failure   Level
 Animate Skeleton         Necr           0%         N/A       41%         1
 Apportation              Tloc           0%         N/A       41%         1
 Corona                   Hex            0%         N/A       41%         1
 Summon Small Mammal      Summ           0%         N/A       41%         1


Dungeon Overview and Level Annotations

Branches:
Dungeon (8/15)             Temple (0/1) D:6         Ossuary (visited)
   Lair: D:8-11

Altars:
Cheibriados
Dithmenos
Gozag
Hepliaklqana
Trog
Vehumet
Zin

Shops:
D:2 :


Innate Abilities, Weirdness & Mutations

You can be seen from farther away. (+LOS)
You are amphibious.
You cover ground slowly.
You can hop short distances.


Message History

The steam dragon hisses angrily.
The steam dragon breathes steam at you. The ball of steam hits you!
Items here: ))) [[[.
You are too injured to fight recklessly!
You are too injured to fight recklessly!
You are too injured to fight recklessly!
You are too injured to fight recklessly!
You are too injured to fight recklessly!
You are too injured to fight recklessly!
You are too injured to fight recklessly!
The steam dragon breathes steam at you. The ball of steam hits you!
* * * LOW HITPOINT WARNING * * *
The steam dragon barely misses you.
You riposte.
You slash the steam dragon!
The steam dragon is moderately wounded.
The steam dragon closely misses you.
Okay, then.
You barely miss the steam dragon.
The steam dragon is moderately wounded.
You are engulfed in a cloud of scalding steam.
The steam dragon closely misses you. The steam dragon barely misses you.
You slash the steam dragon!
The steam dragon is heavily wounded.
You are engulfed in a cloud of scalding steam.
* * * LOW HITPOINT WARNING * * *
You hit the steam dragon.
The steam dragon is severely wounded.
The steam dragon breathes steam at you. The ball of steam hits you!
* * * LOW HITPOINT WARNING * * *
Hop to where?
Press: ? - help, Dir - move target Boing!
Okay, then.
The steam dragon breathes steam at you. The ball of steam misses you.
The steam dragon breathes steam at you. The ball of steam hits you!
You die...

## #.# #.## ##
#<######... #.#
##.......(. #
#§###.######.## ### #.
#§#@## #.. ... #. #D##
#.# ##.### #.#.#§##
#.# .....# ##.###.#
##.#....... ##......#
#..#.[.....
.#.......###......_...
...........#.)#
..........#....#
##.#..........).#


You could see a steam dragon (catching breath).

Vanquished Creatures
  Pikel (D:5)
  A wraith (Ossuary)
  3 water moccasins
  A sky beast (D:5)
  A black bear (D:5)
  2 orc warriors
  3 necrophages (D:7)
  2 ice beasts (D:6)
  4 ogres
  A centaur (D:6)
  A phantom (D:6)
  An elf zombie (Ossuary)
  3 kobold brigands
  A bullfrog (D:7)
  5 scorpions
  2 water moccasin zombies
  5 wights (D:8)
  3 hounds
  A gnoll shaman (D:5)
  2 jellies
  3 orc priests
  A centaur skeleton (D:5)
  4 orc wizards
  3 iguanas
  2 killer bee zombies
  A hound skeleton (D:4)
  3 mummies (Ossuary)
  5 gnolls (D:5)
  2 howler monkey skeletons
  4 adders
  A shadow imp (D:7)
  2 white imps (D:6)
  An adder skeleton (D:5)
  4 worms
  The ghost of alcopop the Covert, a weakling GnDe (D:5)
  5 dart slugs
  19 orcs
  4 ball pythons
  8 endoplasms
  3 giant cockroaches
  3 goblins
  16 hobgoblins
  8 jackals
  3 quokkas
  3 bats
  2 frilled lizards
  6 hobgoblin zombies (Ossuary)
  15 kobolds
  3 kobold zombies (Ossuary)
  3 rats (D:1)
  A bush (D:2)
182 creatures vanquished.

Vanquished Creatures (others)
  An orc wizard (D:5)
1 creature vanquished.

Grand Total: 183 creatures vanquished

Notes
Turn   | Place    | Note
-------+----------+-------------------------------------------
     0 | D:1      | Nithhogg the Barachi Fighter began the quest for the Orb.
     0 | D:1      | Reached XP level 1. HP: 18/18 MP: 1/1
    53 | D:1      | Reached XP level 2. HP: 10/25 MP: 2/2
   350 | D:1      | Reached skill level 3 in Long Blades
   380 | D:1      | Found a faded altar of an unknown god.
   593 | D:1      | Reached skill level 1 in Dodging
   648 | D:1      | Reached XP level 3. HP: 23/30 MP: 3/3
  1856 | D:2      | Found Guyprageb's Book Shop.
  1868 | D:2      | Reached XP level 4. HP: 36/37 MP: 4/4
  2488 | D:2      | Upgraded the game from 0.27-a0-873-g64e2b16 to
                  | 0.27-a0-887-gcab673c
  2630 | D:3      | Identified a scroll of acquirement
  2758 | D:3      | Found a bloodstained altar of Trog.
  2813 | D:3      | Found a shadowy altar of Dithmenos.
  2883 | D:3      | Reached skill level 4 in Long Blades
  3282 | D:4      | Noticed a scorpion
  3314 | D:4      | Killed a scorpion
  3315 | D:4      | Reached XP level 5. HP: 9/43 MP: 5/5
  3324 | D:4      | Found a snail-covered altar of Cheibriados.
  3352 | D:4      | Became a worshipper of Cheibriados the Contemplative
  3362 | D:4      | Found a sand-covered staircase.
  3387 | Ossuary  | Entered an ossuary
  3387 | Ossuary  | Noticed a wraith
  3387 | Ossuary  | Noticed a wraith
  3387 | Ossuary  | Noticed a wraith
  3611 | Ossuary  | Reached XP level 6. HP: 41/49 MP: 6/6
  3844 | Ossuary  | Reached skill level 5 in Long Blades
  3866 | Ossuary  | Noticed a wraith
  3892 | Ossuary  | Killed a wraith
  3893 | Ossuary  | Reached skill level 5 in Fighting
  3893 | Ossuary  | Reached skill level 5 in Armour
  3893 | Ossuary  | Reached skill level 1 in Invocations
  4417 | Ossuary  | Reached XP level 7. HP: 56/56 MP: 6/8
  4623 | D:4      | Reached skill level 6 in Long Blades
  4623 | D:4      | Reached * piety under Cheibriados
  4851 | D:4      | Reached skill level 1 in Evocations
  5101 | D:5      | Entered Level 5 of the Dungeon
  5284 | D:5      | Noticed Pikel
  5302 | D:5      | Reached XP level 8. HP: 62/63 MP: 9/9
  5313 | D:5      | Killed Pikel
  5314 | D:5      | Reached skill level 7 in Long Blades
  5916 | D:5      | Reached ** piety under Cheibriados
  6087 | D:5      | Found a runed translucent gate.
  6087 | D:5      | Found a runed translucent gate.
  6087 | D:5      | Found a runed translucent gate.
  6090 | D:5      | Found an opulent altar of Gozag.
  6092 | D:5      | Noticed alcopop's ghost (weakling GnDe)
  6099 | D:5      | Reached skill level 8 in Long Blades
  6099 | D:5      | Reached XP level 9. HP: 71/71 MP: 11/11
  6804 | D:5      | Found a hazy altar of Hepliaklqana.
  6804 | D:5      | Found a radiant altar of Vehumet.
  6851 | D:5      | Killed alcopop's ghost
  7124 | D:6      | Found a staircase to the Ecumenical Temple.
  7140 | D:6      | Reached *** piety under Cheibriados
  7141 | D:6      | Reached skill level 5 in Dodging
  7981 | D:6      | Reached skill level 9 in Long Blades
  8827 | D:6      | Identified the +1 robe "Inicvuf" {rF++ rCorr Int-3}
  8933 | D:6      | Reached XP level 10. HP: 61/79 MP: 13/13
  8955 | D:7      | Reached **** piety under Cheibriados
  9961 | D:8      | Found a glowing silver altar of Zin.
 10034 | D:8      | Killed from afar by a steam dragon

Illustrated notes

Levels and vault maps discovered:
D:1:      scummos_arrival_simple_crosswalls, layout_basic,
          shapermc_ecumenical_altar_gd
D:2:      layout_basic, serial_shops, shop_statue,
          chequers_serial_rivers_micro_a, minmay_hedge_maze
D:3:      layout_basic, nicolae_dithmenos_through_a_glass_darkly, trog_book
D:4:      layout_cave_pools, lemuel_crystal_altar, enter_ossuary_5
D:5:      layout_basic, gammafunk_temple_overflow_statue, ebering_ghost_gozag,
          guppyfry_early_orc_mine, uniq_pikel
D:6:      minmay_diamond_boxcup, layout_gridville,
          minmay_temple_entry_water_ring
D:7:      layout_loops_corners
D:8:      layout_loops_ring, old_standard_altar, minmay_lair_entry_grove,
          gammafunk_ghost_spectres

Skill      XL: |  1  2  3  4  5  6  7  8  9 10 |
---------------+-------------------------------+-----
Long Blades    | 3 4 5 6 8 9 |  9.9
Dodging        | 1 2 3 4 5 6 |  6.0
Armour         | 4 5 6 7 |  7.7
Fighting       | 4 5 6 7 |  7.7
Invocations    | 1 2 3 4 |  4.5
Evocations     | 1 3 4 |  4.9
Shields        | |  3.2

Action                   |  1- 3 |  4- 6 |  7- 9 | 10-12 || total
-------------------------+-------+-------+-------+-------++-------
Melee: Long sword        |   213 |   139 |   342 |    94 ||   788
Invok: Temporal Distorti |       |       |     1 |       ||     1
 Abil: Hop               |       |     2 |     5 |     1 ||     8
Evoke: Wand              |       |       |    19 |       ||    19
  Use: Scroll            |       |     6 |       |       ||     6
       Potion            |       |     5 |     4 |       ||     9
 Stab: Paralysed         |       |       |     7 |       ||     7
Armor: Scale mail        |    64 |    77 |   193 |    26 ||   360
Dodge: Dodged            |    77 |   105 |   296 |    75 ||   553
       Rpst.: Long sword |    25 |    34 |    83 |    20 ||   162

Table legend: (Time is in decaauts)
 A = Elapsed time spent in this place.
 B = Non-inter-level travel time spent in this place.
 C = Inter-level travel time spent in this place.
 D = Time resting spent in this place.
 E = Time spent auto-exploring this place.
 F = Levels seen in this place.
 G = Mean time per level.
                   A        B        C        D        E       F      G
               +--------+--------+--------+--------+--------+-----+--------+
         Total |  12877 |  12580 |    297 |   1163 |   9507 |   9 | 1430.8 |
       Dungeon |  11566 |  11269 |    297 |    676 |   8901 |   8 | 1445.8 |
       Ossuary |   1311 |   1311 |      0 |    487 |    606 |   1 | 1311.0 |
               +--------+--------+--------+--------+--------+-----+--------+

Top non-repeatable levels by time:
     D:5: 2597 daAuts
     D:6: 2004 daAuts
     D:7: 1893 daAuts
     D:2: 1507 daAuts
     D:1: 1459 daAuts
 Ossuary: 1311 daAuts
     D:4: 1140 daAuts
     D:3: 843 daAuts
     D:8: 119 daAuts
